 Dungeon Crawl Stone Soup version 0.20.0-10-g0535bb4 (webtiles) character file.

37828 Inarius the Zephyrmancer (level 13, -3/91 HPs)
             Began as a Black Draconian Air Elementalist on June 3, 2017.
             Was a High Priest of Vehumet.
             Killed themself with a badly aimed orb of electricity (13 damage)
             ... on level 5 of the Lair of Beasts on June 4, 2017.
             The game lasted 01:35:31 (22980 turns).

Inarius the Zephyrmancer (DrAE)                    Turns: 22980, Time: 01:35:32

Health: -3/91      AC: 14    Str: 18    XL:     13   Next: 60%
Magic:  3/55       EV: 17    Int: 23    God:    Vehumet [*****.]
Gold:   645        SH:  0    Dex: 12    Spells: 13/34 levels left

rFire    . . .     SeeInvis .   l - staff of power
rCold    + . .     Gourm    .   (no shield)
rNeg     . . .     Faith    +   (armour unavailable)
rPois    .         Spirit   .   Q - +2 hat
rElec    +         Reflect  .   u - +2 cloak
rCorr    .         Harm     .   F - +0 pair of gloves of Twilight {+Inv MP+9 Int+3}
MR       +....                  (no boots)
Stlth    ++........             y - amulet of faith
Regen    0.3/turn               I - ring of protection from cold
MPRegen  0.4/turn               f - ring of protection from magic

@: mighty, frozen, very slow
A: breathe lightning, unfitting armour, claws 1, talons 1, high mp 1,
electricity resistance, strong 1, evolution 2, cold-blooded, AC +8
a: Breathe Lightning, Renounce Religion, Evoke Invisibility


You were on level 5 of the Lair of Beasts.
You worshipped Vehumet.
Vehumet was extremely pleased with you.
You were very hungry.

You visited 2 branches of the dungeon, and saw 16 of its levels.

You collected 993 gold pieces.
You spent 348 gold pieces at shops.

Inventory:

Hand Weapons
 G - a +1 dagger of chaos
Armour
 m - a cursed +0 buckler
 u - a +2 cloak (worn)
 F - the +0 pair of gloves of Twilight (worn) {+Inv MP+9 Int+3}
   (You bought it in a shop on level 7 of the Dungeon)

   It affects your intelligence (+3).
   It affects your magic capacity (+9).
   It lets you turn invisible.
 Q - a +2 hat (worn)
Magical Staves
 l - an uncursed staff of power (weapon)
Jewellery
 f - a ring of protection from magic (right hand)
 s - an uncursed ring of resist corrosion
 y - an amulet of faith (around neck)
 I - a ring of protection from cold (left hand)
 M - an uncursed ring of flight
Wands
 D - a wand of random effects (48/48)
 L - a wand of flame (17/48)
 P - a wand of scattershot (1/9)
 R - a wand of polymorph (5/24)
 X - a wand of flame (41/48)
 Z - a wand of random effects (13/48)
Scrolls
 b - 2 scrolls of recharging
 c - a scroll of magic mapping
 j - 4 scrolls of amnesia
 q - 3 scrolls of enchant armour
 t - 2 scrolls of blinking
 z - a scroll of teleportation
 B - 8 scrolls of remove curse
 C - 2 scrolls of immolation
 E - a scroll of enchant weapon
 H - a scroll of fog
 N - 2 scrolls of fear
 O - a scroll of brand weapon {unknown}
 U - a scroll of vulnerability {unknown}
 Y - a scroll of summoning {unknown}
Potions
 e - 2 potions of cancellation
 h - 2 potions of curing
 i - 3 potions of mutation
 n - 4 potions of might
 p - 4 potions of berserk rage
 v - 4 potions of flight
 x - 4 potions of brilliance
 J - 2 potions of magic
 T - a potion of haste
Books
 o - a book of Conjurations

   Spells                             Type                      Level
   a - Magic Dart                     Conjuration                  1
   b - Searing Ray                    Conjuration                  2
   c - Dazzling Spray                 Conjuration/Hexes            3
   d - Fulminant Prism                Conjuration/Hexes            4
   e - Force Lance                    Conjuration/Translocation    4
   f - Iskenderun's Mystic Blast      Conjuration                  4
 A - a book of Maledictions

   Spells                             Type                      Level
   a - Corona                         Hexes                        1
   b - Ensorcelled Hibernation        Hexes/Ice                    2
   c - Confuse                        Hexes                        3
   d - Tukima's Dance                 Hexes                        3
   e - Dazzling Spray                 Conjuration/Hexes            3
 W - the Tome of Attacks and Transformation
   (You found it on level 3 of the Lair of Beasts)

   Spells                             Type                      Level
   a - Iskenderun's Mystic Blast      Conjuration                  4
   b - Petrify                        Transmutation/Earth          4
   c - Bolt of Fire                   Conjuration/Fire             6
   d - Hydra Form                     Transmutation                6
Comestibles
 d - a fruit
 g - 3 meat rations
 r - 15 royal jellies
 S - 2 bread rations


   Skills:
 + Level 2.1 Fighting
 * Level 9.4 Dodging
 - Level 1.8 Stealth
 - Level 0.2 Unarmed Combat
 + Level 11.4 Spellcasting
 * Level 11.0 Conjurations
 + Level 0.1 Charms
 + Level 14.2 Air Magic
 + Level 7.0 Evocations


You had 13 spell levels left.
You knew the following spells:

 Your Spells              Type           Power        Failure   Level  Hunger
b - Swiftness             Chrm/Air       #####...     1%          2    None
c - Static Discharge      Conj/Air       ######..     1%          3    None
d - Airstrike             Air            ######....   1%          4    None
e - Lightning Bolt        Conj/Air       ######....   1%          5    ####...
f - Mephitic Cloud        Conj/Pois/Air  ######..     1%          3    None
g - Iskenderun's Mystic   Conj           ######..     1%          4    None


Dungeon Overview and Level Annotations

Branches:
Dungeon (11/15)            Temple (0/1) D:6            Lair (5/6) D:9
  Swamp (0/4) Lair:3       Spider (0/4) Lair:4          Orc (0/2) D:9
  Slime: Lair:5-6

Altars:
Ashenzari
Cheibriados
Dithmenos
Elyvilon
Fedhas
Hepliaklqana
Kikubaaqudgha
Nemelex Xobeh
Qazlal
Ru
Uskayaw
Vehumet
Xom
Yredelemnul
Zin
The Shining One

Shops:
D:6 ?   D:7 [   D:10 [


Innate Abilities, Weirdness & Mutations

You can breathe wild blasts of lightning.
Your glossy black scales are hard. (AC +8)
You cannot fit into any form of body armour.
You are resistant to electric shocks. (rElec)
You are cold-blooded and may be slowed by cold attacks.
You have sharp fingernails.
You have sharp toenails.
You have an increased reservoir of magic. (+10% MP)
Your muscles are strong. (Str +2)
You rapidly evolve.


Message History

Press: ? - help, Dir - move target cursor, f - rime drake
Aim: a rime drake The air twists around and violently strikes the rime drake!
The rime drake is heavily wounded.
The rime drake bites you but does no damage.
You closely miss the rime drake. Your kick misses the rime drake.
The rime drake is heavily wounded.
The rime drake breathes ice at you. The flash freeze hits you!
You partially resist.
* * * LOW HITPOINT WARNING * * *
You are encased in ice.
The rime drake closely misses you.
You breathe a wild blast of lightning!
The orb of electricity explodes!
The orb of electricity engulfs you! You resist.
* * * LOW HITPOINT WARNING * * *
The orb of electricity engulfs the rime drake.
The rime drake is almost dead.
The orb of electricity explodes! x2; The orb of electricity engulfs you!
You resist.
You die...

. ........ #.. .. ......##
#..##......# #.[......##..
...........###..##..÷.......
..............Y...†.<.......
.................†..........
..........PP.####k#.S.......
#...P##...#...#.@#..........
##P.......+......+..........
#....##...#......##........#
......'.................#...
....###....#.....#......##.#
....P#............P.....
....##....P.......P.....
.PP.##......#....P......
..P.#........#.....≈≈.≈r


You could see a rime drake.

Vanquished Creatures
  Gastronok (Lair:1)
  Harold (Lair:1)
  3 hydras
  Erolcha (D:10)
  4 two-headed ogres
  Sonja (Lair:1)
  3 skeletal warriors
  An unseen horror (D:11)
  Pikel (D:8)
  An ugly thing (D:10)
  An oklob plant (Lair:4)
  5 black mambas
  6 spiny frogs
  A gargoyle (D:10)
  Psyche (D:8)
  A rime drake (Lair:4)
  6 komodo dragons
  A troll (D:7)
  A hornet (D:7)
  A polar bear (Lair:3)
  9 blink frogs (Lair:4)
  Prince Ribbit (D:7)
  6 hippogriffs
  31 yaks
  2 basilisks
  A hungry ghost (D:8)
  Grum (D:8)
  6 swamp worms (Lair:3)
  Duvessa (D:7)
  An acid dragon (D:11)
  8 porcupines
  19 water moccasins
  7 ice beasts
  An orc warrior (D:10)
  4 sky beasts
  3 phantoms
  An eye of draining (D:5)
  7 centaurs
  5 ogres
  13 wolves
  13 crocodiles
  Blork the orc (D:6)
  11 bullfrogs
  2 big kobolds
  A gnoll sergeant (D:11)
  Dowan (D:7)
  4 wyvern zombies
  4 scorpions
  13 killer bees
  A howler monkey (D:4)
  3 wights (D:7)
  A vampire bat (D:5)
  7 electric eels
  10 crimson imps
  6 hounds
  8 jellies
  A bullfrog skeleton (D:5)
  4 orc priests
  Crazy Yiuf (D:7)
  7 orc wizards
  2 centaur skeletons
  3 iguanas
  9 worker ants
  A hound skeleton (D:4)
  10 adders
  8 gnolls
  2 shadow imps (D:7)
  8 oozes
  2 adder zombies
  An adder skeleton (D:7)
  2 worms
  3 dart slugs
  6 leopard geckos
  33 orcs
  A ball python (D:1)
  4 bats
  2 bat skeletons (D:5)
  4 bat zombies (D:5)
  6 giant cockroaches
  7 goblins
  3 hobgoblins
  10 jackals
  3 quokkas
  3 frilled lizards
  A jackal skeleton (D:7)
  16 kobolds
  A quokka skeleton (D:4)
  A quokka zombie (D:6)
  15 rats
  3 fungi (Lair:3)
437 creatures vanquished.

Vanquished Creatures (collateral kills)
  A gnoll (D:11)
1 creature vanquished.

Vanquished Creatures (others)
  3 slaves (D:8)
  A centaur (D:8)
  A jelly (D:8)
  A quokka (D:8)
  A bush (Lair:5)
  7 fungi
  2 plants
16 creatures vanquished.

Grand Total: 454 creatures vanquished

Notes
Turn   | Place    | Note
-------+----------+-------------------------------------------
     0 | D:1      | Inarius the Draconian Air Elementalist began the quest for the Orb.
     0 | D:1      | Reached XP level 1. HP: 14/14 MP: 3/3
   262 | D:1      | Reached XP level 2. HP: 20/20 MP: 0/5
  1458 | D:2      | Reached XP level 3. HP: 26/26 MP: 3/6
  1724 | D:2      | Learned a level 2 spell: Swiftness
  2053 | D:2      | Found a shattered altar of Ashenzari.
  2304 | D:3      | Found a faded altar of an unknown god.
  2325 | D:3      | Reached XP level 4. HP: 33/33 MP: 7/7
  2517 | D:3      | Reached skill level 4 in Air Magic
  2691 | D:3      | Noticed a water moccasin
  2849 | D:3      | Learned a level 3 spell: Static Discharge
  2893 | D:4      | Found a shattered altar of Ashenzari.
  2893 | D:4      | Found a radiant altar of Vehumet.
  2901 | D:4      | Became a worshipper of Vehumet
  3086 | D:4      | Reached XP level 5. HP: 37/39 MP: 9/9
  3552 | D:4      | Found a glowing silver altar of Zin.
  3552 | D:4      | Found a glowing golden altar of the Shining One.
  3682 | D:4      | Reached skill level 1 in Evocations
  3683 | D:4      | Reached XP level 6. HP: 21/46 MP: 11/11
  3970 | D:3      | Killed a water moccasin
  3970 | D:3      | Reached skill level 1 in Fighting
  4109 | D:4      | Found a sacrificial altar of Ru.
  4349 | D:5      | Entered Level 5 of the Dungeon
  4714 | D:5      | Learned a level 4 spell: Airstrike
  4874 | D:5      | Found a shadowy altar of Dithmenos.
  4874 | D:5      | Found a basalt altar of Yredelemnul.
  4879 | D:5      | Found a hazy altar of Hepliaklqana.
  4881 | D:5      | Found a faded altar of an unknown god.
  4882 | D:5      | Found a faded altar of an unknown god.
  5415 | D:5      | Your scales start taking on a glossy black colour.
  5415 | D:5      | Reached skill level 5 in Air Magic
  5415 | D:5      | Reached XP level 7. HP: 52/52 MP: 0/12
  5415 | D:5      | Gained mutation: You are resistant to electric shocks. (rElec) [Black Draconian growth]
  5721 | D:5      | Reached * piety under Vehumet
  5721 | D:5      | Offered knowledge of Sandblast by Vehumet.
  5755 | D:5      | Reached skill level 6 in Air Magic
  6009 | D:5      | Found an ancient bone altar of Kikubaaqudgha.
  6099 | D:6      | Found a blossoming altar of Fedhas.
  6381 | D:6      | Reached XP level 8. HP: 59/59 MP: 14/14
  6651 | D:6      | Noticed Blork the orc
  6655 | D:6      | Killed Blork the orc
  6876 | D:6      | Found a staircase to the Ecumenical Temple.
  6993 | D:6      | Reached ** piety under Vehumet
  6993 | D:6      | Offered knowledge of Magic Dart by Vehumet.
  7054 | D:6      | Learned a level 5 spell: Lightning Bolt
  7206 | D:6      | Reached skill level 5 in Conjurations
  7264 | D:6      | Reached skill level 7 in Air Magic
  7375 | D:6      | Found Hyebes's Magic Scroll Boutique.
  7395 | D:6      | Bought a scroll of identify for 22 gold pieces
  7395 | D:6      | Bought a scroll of identify for 22 gold pieces
  7447 | D:7      | Noticed Duvessa
  7450 | D:7      | Noticed Dowan
  7470 | D:7      | Killed Duvessa
  7470 | D:7      | Reached skill level 5 in Spellcasting
  7481 | D:7      | Killed Dowan
  7791 | D:7      | Found Houlaecwu's Antique Armour Boutique.
  7813 | D:7      | Bought a pair of dazzling gloves for 304 gold pieces
  7818 | D:7      | Identified the +0 pair of gloves of Twilight {+Inv MP+9 Int+3} (You bought it in a shop on level 7 of the Dungeon)
  7825 | D:7      | Offered knowledge of Mephitic Cloud by Vehumet.
  7888 | D:7      | Noticed Prince Ribbit
  7896 | D:7      | Killed Prince Ribbit
  7988 | D:7      | Reached XP level 9. HP: 64/64 MP: 16/16
  7996 | D:7      | Learned a level 3 spell: Mephitic Cloud
  8042 | D:7      | Reached *** piety under Vehumet
  8077 | D:7      | Reached skill level 8 in Air Magic
  8270 | D:7      | Noticed a troll
  8275 | D:7      | Killed a troll
  8290 | D:7      | Reached skill level 5 in Dodging
  8547 | D:7      | Offered knowledge of Stone Arrow by Vehumet.
  8993 | D:7      | Found a runed door.
  8997 | D:7      | Noticed Crazy Yiuf
  8999 | D:7      | Killed Crazy Yiuf
  9142 | D:8      | Found a white marble altar of Elyvilon.
  9262 | D:8      | Reached skill level 5 in Evocations
  9263 | D:8      | Reached skill level 9 in Air Magic
  9264 | D:8      | Noticed Psyche
  9450 | D:8      | Killed Psyche
  9518 | D:8      | Noticed a two-headed ogre
  9523 | D:8      | Killed a two-headed ogre
  9523 | D:8      | Reached XP level 10. HP: 73/73 MP: 19/19
  9609 | D:8      | Found a shimmering altar of Xom.
  9615 | D:8      | Learned a level 4 spell: Iskenderun's Mystic Blast
  9662 | D:8      | Reached **** piety under Vehumet
  9668 | D:8      | Noticed Grum
  9674 | D:8      | Killed Grum
  9686 | D:8      | Noticed Pikel
  9873 | D:8      | Offered knowledge of Yara's Violent Unravelling by Vehumet.
 10007 | D:8      | Killed Pikel
 10167 | D:8      | Found a sparkling altar of Nemelex Xobeh.
 10215 | D:8      | Found a snail-covered altar of Cheibriados.
 10304 | D:8      | Reached skill level 10 in Air Magic
 10336 | D:8      | Found a hide-covered altar of Uskayaw.
 10604 | D:9      | Gained mutation: You are clumsy. (Dex -2) [mutagenic meat]
 10605 | D:9      | Lost mutation: You are clumsy. (Dex -2) [potion of mutation]
 10605 | D:9      | Gained mutation: Your muscles are strong. (Str +2) [potion of mutation]
 10605 | D:9      | Gained mutation: You evolve. [potion of mutation]
 10605 | D:9      | Gained mutation: You have sharp toenails. [potion of mutation]
 10643 | D:9      | Found a staircase to the Orcish Mines.
 10716 | D:9      | Found a staircase to the Lair.
 10766 | D:9      | Noticed a two-headed ogre
 10772 | D:9      | Killed a two-headed ogre
 11001 | D:9      | Reached ***** piety under Vehumet
 11084 | D:9      | Noticed a two-headed ogre
 11090 | D:9      | Killed a two-headed ogre
 11090 | D:9      | Reached XP level 11. HP: 78/79 MP: 23/23
 11296 | D:9      | Offered knowledge of Poison Arrow by Vehumet.
 11825 | D:10     | Entered Level 10 of the Dungeon
 11835 | D:10     | Noticed a two-headed ogre
 11839 | D:10     | Killed a two-headed ogre
 12044 | D:10     | Noticed Erolcha
 12052 | D:10     | Killed Erolcha
 12086 | D:9      | Gained mutation: You have sharp fingernails. [mutagenic meat]
 12087 | D:9      | Gained mutation: You rapidly evolve. [mutagenic meat]
 12395 | D:10     | Reached skill level 11 in Air Magic
 12482 | D:10     | Found Hoicwoh's Armour Shop.
 12484 | D:10     | Found a stormy altar of Qazlal.
 12758 | D:10     | Gained mutation: You have an increased reservoir of magic. (+10% MP) [evolution]
 13435 | D:11     | Killed an unseen horror
 13987 | D:11     | Noticed a skeletal warrior
 13989 | D:11     | Noticed a skeletal warrior
 14006 | D:11     | Killed a skeletal warrior
 14038 | D:10     | Noticed a green ugly thing
 14146 | D:10     | Killed a green ugly thing
 14291 | D:11     | Noticed a skeletal warrior
 14515 | D:10     | Killed a skeletal warrior
 14838 | D:11     | Killed a skeletal warrior
 15389 | Lair:1   | Entered Level 1 of the Lair of Beasts
 15579 | Lair:1   | Reached XP level 12. HP: 85/85 MP: 27/27
 15749 | Lair:1   | Noticed a four-headed hydra
 15756 | Lair:1   | Killed a four-headed hydra
 15756 | Lair:1   | Reached skill level 12 in Air Magic
 16097 | Lair:1   | Noticed Sonja
 16105 | Lair:1   | Killed Sonja
 16354 | Lair:1   | Noticed Harold
 16362 | Lair:1   | Killed Harold
 16540 | Lair:1   | Noticed Gastronok
 16612 | Lair:1   | Killed Gastronok
 17000 | Lair:1   | Reached skill level 10 in Spellcasting
 18466 | Lair:3   | Noticed a five-headed hydra
 18474 | Lair:2   | Reached skill level 13 in Air Magic
 18941 | Lair:3   | Offered knowledge of Ozocubu's Refrigeration by Vehumet.
 18943 | Lair:3   | Reached skill level 10 in Conjurations
 19273 | Lair:3   | Killed a five-headed hydra
 19273 | Lair:3   | Reached XP level 13. HP: 91/91 MP: 7/30
 19993 | Lair:3   | Identified the Tome of Attacks and Transformation
 20338 | Lair:3   | Found a staircase to the Swamp.
 20415 | Lair:3   | Found a radiant altar of Vehumet.
 20742 | Lair:4   | Found a hole to the Spider Nest.
 21647 | Lair:4   | Offered knowledge of Freezing Cloud by Vehumet.
 22076 | Lair:4   | Reached skill level 14 in Air Magic
 22980 | Lair:5   | Killed themself with a badly aimed orb of electricity

Skill      XL: |  1  2  3  4  5  6  7  8  9 10 11 12 13 |
---------------+----------------------------------------+-----
Dodging        | 2 3 4 5 6 7 8 9 |  9.4
Air Magic      | 4 5 6 7 9 10 11 13 14 | 14.2
Conjurations   | 2 3 4 5 6 7 9 10 11 | 11.0
Spellcasting   | 3 4 5 6 8 9 10 11 | 11.4
Evocations     | 1 2 3 4 5 6 7 |  7.0
Fighting       | 1 2 |  2.1
Stealth        | |  1.8
Unarmed Combat | |  0.2
Charms         | |  0.1

Action                   |  1- 3 |  4- 6 |  7- 9 | 10-12 | 13-15 || total
-------------------------+-------+-------+-------+-------+-------++-------
Melee: Unarmed           |    12 |       |       |       |       ||    12
       Tailslap          |     2 |     3 |       |     1 |       ||     6
       Dagger            |    21 |       |       |       |       ||    21
       Staff             |     5 |    14 |     9 |     7 |     7 ||    42
       Kick              |       |       |       |       |     1 ||     1
 Cast: Shock             |    90 |   128 |   167 |   254 |       ||   639
       Static Discharge  |       |    17 |    18 |    60 |    47 ||   142
       Airstrike         |       |     2 |    58 |   172 |    42 ||   274
       Lightning Bolt    |       |       |     8 |    58 |    46 ||   112
       Iskenderun's Myst |       |       |       |    57 |    29 ||    86
       Mephitic Cloud    |       |       |       |     3 |       ||     3
       Swiftness         |       |       |       |     2 |     2 ||     4
 Abil: Breathe Lightning |       |       |       |     6 |     1 ||     7
Evoke: Wand              |       |       |       |     1 |       ||     1
  Use: Scroll            |     1 |     2 |    14 |    11 |     3 ||    31
       Potion            |       |       |       |     3 |     3 ||     6
  Eat: Chunk             |     6 |    10 |     5 |    44 |    17 ||    82
       Bread ration      |       |     1 |     3 |     1 |       ||     5
       Fruit             |       |       |     4 |     5 |     2 ||    11
       Meat ration       |       |       |       |     1 |       ||     1
Armor: Skin              |    18 |    15 |    17 |    63 |    40 ||   153
Dodge: Dodged            |    56 |    35 |    75 |   153 |   105 ||   424
